 Dungeon Crawl Stone Soup version 0.31-a0-105-gc0b45f0da6 (webtiles) character file.

Game seed: 18141436259598884826

79 Colgate the Magician (level 4, -3/33 HPs)
             Began as a Meteoran Necromancer on May 27, 2023.
             Slain by an ogre
             ... wielding a +0 giant club
              (21 damage)
             ... on level 5 of the Dungeon.
             The game lasted 00:11:06 (653 turns).

Colgate the Magician (Meteoran Necromancer)          Turns: 653, Time: 00:11:07

Health: -3/33      AC:  3    Str: 10    XL:     4   Next: 94%
Magic:  0/12       EV: 12    Int: 18    God:
Gold:   69         SH:  0    Dex: 14    Spells: 5/13 levels left

rFire   . . .        a - staff of death
rCold   . . .        (no shield)
rNeg    + . .        d - +0 robe
rPois   .            c - +0 helmet
rElec   .            (no cloak)
rCorr   .            (no gloves)
SInv    .            (no boots)
Will    .....        (no amulet)
Stlth   +            (no ring)
HPRegen 0.25/turn    (no ring)
MPRegen 0.13/turn

%: no passive effects
@: very slightly contaminated, glowing
A: sense surroundings 1, otherworldly, glowing, explore regen
a: no special abilities


You were on level 5 of the Dungeon.
You visited 1 branch of the dungeon, and saw 5 of its levels.

You collected 69 gold pieces.

Inventory:

Hand Weapons
 b - a +0 orcbow
 k - a +0 trident
 l - a +0 short sword
 n - a +0 rapier
Armour
 c - a +0 helmet (worn)
 d - a +0 robe (worn)
Magical Staves
 a - a staff of death (weapon)
Jewellery
 g - a ring of ice
Scrolls
 f - 2 scrolls of amnesia
 h - a scroll of teleportation {@r3}
 i - a scroll of blinking {@r4}
 m - a scroll of vulnerability {unknown}
Potions
 e - a potion of magic
 j - a potion of curing {unknown}


   Skills:
 - Level 2.4 Dodging
 - Level 1.4 Stealth
 - Level 5.4 Spellcasting
 + Level 4.4 Necromancy


You had 5 spell levels left.
You knew the following spells:

 Your Spells              Type           Power      Damage    Failure   Level
a - Necrotise             Necr           100%       1d9       1%          1
b - Vampiric Draining     Necr           31%        2d8       6%          3
c - Animate Dead          Necr           31%        N/A       21%         4

Your spell library contained the following spells:

 Spells                   Type           Power      Damage    Failure   Level
 Agony                    Necr           31%        N/A       50%         5


Dungeon Overview and Level Annotations

Branches:
Dungeon (5/15) Zot: 2337
 Temple: D:4-7

Altars:

Shops:
D:5 *:!


Innate Abilities, Weirdness & Mutations

You passively map a small area around you.
You are easily found by Zot.
You glow in the dark.
You regain HP and MP as you explore.


Message History

k - a +0 trident You see here an adder corpse.
Found 3 poisoned darts.
Found a stone staircase leading up.
Found 17 gold pieces.
An ogre comes into view. It is wielding a +0 giant club.
The ogre shouts!
The ogre moves out of view.
You shoot an arrow.
The arrow hits the ogre but does no damage.
You shoot an arrow. The arrow barely misses the ogre.
You shoot an arrow. The arrow closely misses the ogre.
You shoot an arrow. The arrow hits the ogre.
The ogre barely misses you.
a - a staff of death (weapon)
Okay, then.
Casting: Necrotise (safe; 1% risk of failure)
Aiming: Vampiric Draining (dangerous; 6% risk of failure)
Aim: an ogre, wielding a +0 giant club (lightly wounded)
You feel a surge of power!
You draw life force from the ogre.
The ogre closely misses you.
Casting: Vampiric Draining (dangerous; 6% risk of failure)
Aiming: Vampiric Draining (dangerous; 6% risk of failure)
Aim: an ogre, wielding a +0 giant club (lightly wounded)
You feel a surge of power!
You miscast Vampiric Draining.
You are very lightly contaminated with residual magic.
Nothing appears to happen.
Casting: Vampiric Draining (dangerous; 6% risk of failure)
Aiming: Vampiric Draining (dangerous; 6% risk of failure)
Aim: an ogre, wielding a +0 giant club (lightly wounded)
You feel a surge of power!
You draw life force from the ogre!
The ogre hits you with a +0 giant club!!
Ouch! That really hurt!
Casting: Vampiric Draining (dangerous; 6% risk of failure)
Aiming: Vampiric Draining (dangerous; 6% risk of failure)
Aim: an ogre, wielding a +0 giant club (heavily wounded)
You feel a surge of power!
You draw life force from the ogre!
You feel life coursing into your body.
The ogre hits you with a +0 giant club!!
Ouch! That really hurt!
You die...

** * ** ,* * , * * , *
. ##+## ###
..###...#######.# * ,
................# ,
.....<....#####.#######
......O....# #.......##
, .......@..##*
#.#####... ,,
.......$........# ####
..#.......###.#.#
.*#......## ##### *
#.#...## , ** * #.##+##
* , **. , , * . * , *


You could see an ogre.

Vanquished Creatures
  An orc priest (D:5)
  2 adders
  2 worms
  3 orcs (D:5)
  A ball python (D:1)
  An endoplasm (D:1)
  2 giant cockroaches (D:1)
  A goblin (D:1)
  A hobgoblin (D:4)
  A kobold (D:4)
  4 bats
  A rat (D:2)
20 creatures vanquished.

Vanquished Creatures (collateral kills)
  A goblin (D:1)
1 creature vanquished.

Grand Total: 21 creatures vanquished

Notes
Turn   | Place    | Note
-------+----------+-------------------------------------------
     0 | D:1      | Colgate the Meteoran Necromancer began the quest for the
                  | Orb.
     0 | D:1      | Reached XP level 1. HP: 14/14 MP: 5/5
    47 | D:1      | Reached skill level 3 in Spellcasting
    68 | D:1      | Reached XP level 2. HP: 20/20 MP: 4/7
   213 | D:2      | Reached skill level 4 in Spellcasting
   213 | D:2      | Reached XP level 3. HP: 13/26 MP: 1/9
   253 | D:2      | Learned a level 3 spell: Vampiric Draining
   428 | D:5      | Entered Level 5 of the Dungeon
   489 | D:5      | Found Ubbavise's Assorted Antiques.
   489 | D:5      | Found Geval's Book Shop.
   493 | D:5      | Reached XP level 4. HP: 33/33 MP: 11/11
   498 | D:5      | Learned a level 4 spell: Animate Dead
   499 | D:5      | Found Uryenol's Distillery.
   538 | D:5      | Reached skill level 5 in Spellcasting
   643 | D:5      | Noticed an ogre
   653 | D:5      | Slain by an ogre

Illustrated notes

Levels and vault maps discovered:
D:1:      dpeg_arrival_simpleton_a, layout_basic, minmay_misc_feat_diagonals
D:2:      layout_loops_cross, uniq_natasha
D:3:      kennysheep_big_flooded_room, layout_basic
D:4:      layout_basic
D:5:      layout_loops_corners, nicolae_shop_distant_corner_stores,
          grunt_decor_fettered

Skill      XL: |  1  2  3  4 |
---------------+-------------+-----
Spellcasting   | 3 4 5 |  5.4
Dodging        | |  2.4
Stealth        | |  1.4
Necromancy     | |  4.4

Action                     |  1- 3 |  4- 6 || total
---------------------------+-------+-------++-------
  Melee: Staff             |     3 |       ||     3
   Fire: Orcbow            |    11 |    15 ||    26
   Cast: Necrotise         |    33 |       ||    33
         Vampiric Draining |     1 |     3 ||     4
    Use: Scroll            |     3 |       ||     3
 Armour: Robe              |     4 |       ||     4
  Dodge: Dodged            |     6 |     2 ||     8

Table legend: (Time is in decaauts)
 A = Elapsed time spent in this place.
 B = Non-inter-level travel time spent in this place.
 C = Inter-level travel time spent in this place.
 D = Time resting spent in this place.
 E = Time spent auto-exploring this place.
 F = Levels seen in this place.
 G = Mean time per level.
                   A        B        C        D        E       F      G
               +--------+--------+--------+--------+--------+-----+--------+
         Total |    662 |    659 |      3 |      0 |      0 |   5 |  132.4 |
       Dungeon |    662 |    659 |      3 |      0 |      0 |   5 |  132.4 |
               +--------+--------+--------+--------+--------+-----+--------+

Top non-repeatable levels by time:
     D:5: 233 daAuts
     D:1: 158 daAuts
     D:2: 137 daAuts
     D:4: 67 daAuts
     D:3: 65 daAuts
